 Dungeon Crawl Stone Soup version 0.20.1-1-g8b1a95d (webtiles) character file.

3004 KoningWillie the Slasher (level 9, -2/75 HPs)
             Began as a Centaur Fighter on Sept 8, 2017.
             Was a Follower of the Shining One.
             Killed from afar by Harold (17 damage)
             ... with a bolt of fire
             ... on level 10 of the Dungeon on Sept 11, 2017.
             The game lasted 00:23:07 (12142 turns).

KoningWillie the Slasher (Centaur Fighter)         Turns: 12142, Time: 00:23:07

Health: -2/75      AC:  7    Str: 22    XL:     9   Next: 54%
Magic:  9/9        EV:  8    Int:  7    God:    the Shining One [*.....]
Gold:   221        SH:  9    Dex:  9    Spells: 8/8 levels left

rFire    . . .     SeeInvis .   a - +1 long sword
rCold    . . .     Gourm    .   c - +0 shield
rNeg     . . .     Faith    .   r - +1 ring mail {MR+}
rPois    .         Spirit   .   (no helmet)
rElec    .         Reflect  .   (no cloak)
rCorr    .         Harm     .   (no gloves)
MR       +....                  (no barding)
Stlth    ..........             (no amulet)
Regen    0.3/turn               (no ring)
MPRegen  0.2/turn               (no ring)

@: glowing, very quick
A: hooves 3, deformed body, speed 2, tough skin 3
a: Renounce Religion


You were on level 10 of the Dungeon.
You worshipped the Shining One.
The Shining One was aware of your devotion.
You were not hungry.

You visited 2 branches of the dungeon, and saw 11 of its levels.

You collected 271 gold pieces.
You spent 50 gold pieces at shops.

Inventory:

Hand Weapons
 a - a +1 long sword (weapon)
 y - a +0 long sword
Armour
 c - a +0 shield (worn)
 r - a +1 ring mail of magic resistance (worn)
Jewellery
 m - a +2 ring of protection {unknown}
Wands
 o - a wand of flame (48/48)
Scrolls
 b - a scroll of fog
 e - a scroll of fear
 f - 2 scrolls of recharging
 h - 4 scrolls of remove curse
 i - 5 scrolls of teleportation
 j - 2 scrolls of magic mapping
 n - a scroll of blinking {unknown}
 q - 4 scrolls of amnesia
Potions
 d - 2 potions of might
 g - a potion of curing
 l - a potion of mutation {unknown}
 p - a potion of cancellation
Books
 k - a book of Maledictions

   Spells                             Type                      Level
   a - Corona                         Hexes                        1
   b - Ensorcelled Hibernation        Hexes/Ice                    2
   c - Confuse                        Hexes                        3
   d - Tukima's Dance                 Hexes                        3
   e - Dazzling Spray                 Conjuration/Hexes            3
Comestibles
 s - a bread ration


   Skills:
 + Level 5.8 Fighting
 + Level 7.4 Long Blades
 + Level 5.3 Armour
 + Level 2.8 Dodging
 + Level 1.1 Stealth
 + Level 4.6 Shields


You had 8 spell levels left.
You didn't know any spells.

Dungeon Overview and Level Annotations

Branches:
Dungeon (10/15)            Temple (1/1) D:6
   Lair: D:8-11         Orc: D:9-12

Altars:
Ashenzari
Cheibriados
Dithmenos
Elyvilon
Fedhas
Gozag
Hepliaklqana
Kikubaaqudgha
Makhleb
Nemelex Xobeh
Okawaru
Qazlal
Ru
Sif Muna
Trog
Uskayaw
Vehumet
Xom
Yredelemnul
The Shining One

Shops:
D:4 !

Annotations:
D:7 dion0's ghost, novice GrAr
D:8 Grum; Psyche
D:10 Harold


Innate Abilities, Weirdness & Mutations

You have hooves in place of feet.
Armour fits poorly on your strangely shaped body.
You cover ground very quickly.
You have extremely tough skin. (AC +3)


Message History

Harold is severely wounded.
Harold hits you but does no damage.
You hit Harold. You kick Harold.
Harold is severely wounded.
Harold hits you with a long sword!
You slash Harold!
Harold is almost dead.
You block Harold's attack.
You slash Harold!
Harold is almost dead.
You hit Harold but do no damage.
Harold is almost dead.
Harold mumbles some strange words.
Harold blinks!
Harold casts a spell at you. The bolt of fire hits you!
* * * LOW HITPOINT WARNING * * *
Harold casts a spell at you. The bolt of fire hits you!
You die...

#. ##.## ....##### ..
#..@...######... #..
#@......... #[####.....##
.#####......#####
.........#### .....#.##
.........###############.
.#.#..##................
##[.....#########...
###....## ###.#


You could see Harold.

Vanquished Creatures
  An unseen horror (D:10)
  A hippogriff (D:7)
  An orc warrior (D:7)
  2 phantoms (D:6)
  4 ice beasts
  2 ogres (D:5)
  A wolf (D:7)
  2 centaurs
  A bullfrog (D:3)
  A wyvern skeleton (D:6)
  2 scorpions (D:7)
  6 killer bees
  2 howler monkeys (D:7)
  A crimson imp (D:6)
  A bullfrog zombie (D:5)
  2 hounds
  2 jellies
  Crazy Yiuf (D:6)
  An orc priest (D:7)
  A bullfrog skeleton (D:4)
  An iguana (D:6)
  7 worker ants
  A killer bee zombie (D:6)
  Robin (D:3)
  3 gnolls (D:3)
  5 adders
  3 shadow imps
  An ooze (D:6)
  An adder zombie (D:5)
  An adder skeleton (D:4)
  3 worms
  2 dart slugs
  9 leopard geckos
  12 orcs
  3 giant cockroaches
  17 goblins
  13 hobgoblins
  6 jackals
  2 quokkas
  3 ball pythons
  2 bats (D:3)
  3 frilled lizards
  A jackal skeleton (D:4)
  8 kobolds
  2 leopard gecko skeletons
  4 rats (D:3)
149 creatures vanquished.

Notes
Turn   | Place    | Note
-------+----------+-------------------------------------------
     0 | D:1      | KoningWillie the Centaur Fighter began the quest for the Orb.
     0 | D:1      | Reached XP level 1. HP: 19/19 MP: 1/1
   197 | D:1      | Reached XP level 2. HP: 18/26 MP: 2/2
   586 | D:2      | Found a radiant altar of Vehumet.
   626 | D:2      | Reached skill level 2 in Long Blades
   802 | D:2      | Reached XP level 3. HP: 31/31 MP: 3/3
   985 | D:2      | Found a bloodstained altar of Trog.
  1530 | D:3      | Noticed a bullfrog
  1543 | D:3      | HP: 1/31 [bullfrog (5)]
  1545 | D:3      | Killed a bullfrog
  1545 | D:3      | Reached skill level 3 in Long Blades
  1545 | D:3      | Reached XP level 4. HP: 2/38 MP: 4/4
  1917 | D:3      | Noticed Robin
  1969 | D:4      | Found Tiekkust's Distillery.
  2054 | D:3      | Killed Robin
  2059 | D:4      | Reached XP level 5. HP: 5/45 MP: 5/5
  2811 | D:3      | Found a glowing golden altar of the Shining One.
  2828 | D:3      | Became a worshipper of the Shining One
  2917 | D:3      | Found a deep blue altar of Sif Muna.
  3093 | D:4      | Bought a potion of heal wounds for 50 gold pieces
  3315 | D:4      | Found a bloodstained altar of Trog.
  3418 | D:4      | Found a sparkling altar of Nemelex Xobeh.
  3761 | D:4      | Found a shimmering altar of Xom.
  3853 | D:4      | Noticed an ogre
  3927 | D:4      | Reached XP level 6. HP: 47/52 MP: 6/6
  4025 | D:5      | Entered Level 5 of the Dungeon
  4341 | D:5      | Reached skill level 4 in Long Blades
  4341 | D:5      | Reached skill level 1 in Dodging
  4667 | D:5      | Reached XP level 7. HP: 41/59 MP: 7/7
  5882 | D:6      | Found a staircase to the Ecumenical Temple.
  6039 | D:6      | Reached * piety under the Shining One
  6210 | D:6      | Reached skill level 5 in Long Blades
  6419 | D:6      | Reached skill level 1 in Stealth
  6611 | D:6      | Reached XP level 8. HP: 61/67 MP: 8/8
  6988 | D:6      | Found a runed door.
  7215 | D:6      | Noticed Crazy Yiuf
  7222 | D:6      | Killed Crazy Yiuf
  8442 | D:7      | Noticed a hippogriff
  8486 | D:6      | Reached skill level 6 in Long Blades
  9432 | D:7      | Noticed dion0's ghost (novice GrAr)
  9552 | D:8      | Noticed Grum
  9552 | D:8      | Noticed a hippogriff
  9598 | D:7      | Reached skill level 5 in Fighting
  9904 | D:7      | Killed a hippogriff
  9904 | D:7      | Reached XP level 9. HP: 42/74 MP: 9/9
 10062 | D:7      | Noticed a troll
 10344 | D:8      | Noticed Psyche
 10756 | D:7      | Reached skill level 7 in Long Blades
 11141 | Temple   | Entered the Ecumenical Temple
 11716 | D:9      | Reached skill level 5 in Armour
 11744 | D:10     | Entered Level 10 of the Dungeon
 11746 | D:10     | Noticed an unseen horror
 11772 | D:10     | HP: 3/74 [unseen horror (7)]
 11775 | D:10     | Killed an unseen horror
 12127 | D:10     | Noticed Harold
 12142 | D:10     | Killed from afar by Harold

Skill      XL: |  1  2  3  4  5  6  7  8  9 |
---------------+----------------------------+-----
Long Blades    | 2 3 4 5 6 7 |  7.4
Shields        | 3 4 |  4.6
Armour         | 3 4 5 |  5.3
Dodging        | 1 2 |  2.8
Fighting       | 4 5 |  5.8
Stealth        | 1 |  1.1

Action                   |  1- 3 |  4- 6 |  7- 9 || total
-------------------------+-------+-------+-------++-------
Melee: Long sword        |    95 |   145 |   275 ||   515
       Kick              |    18 |    45 |    65 ||   128
  Use: Scroll            |     1 |     5 |    12 ||    18
       Potion            |       |     2 |     7 ||     9
  Eat: Bread ration      |     1 |     1 |     2 ||     4
       Meat ration       |       |     1 |     2 ||     3
       Royal jelly       |       |       |     1 ||     1
Armor: Scale mail        |    29 |       |       ||    29
       Chain mail        |    11 |    12 |       ||    23
       Ring mail         |       |    55 |    90 ||   145
Dodge: Dodged            |    30 |    52 |   104 ||   186
Block: Shield            |    51 |    86 |   151 ||   288
       Rpst.: Long sword |     9 |    14 |    35 ||    58
